[ AOE2 MATCH · #504222196 ]
UnrankedKhitans vs Jurchens
Player's team · LOSS
Rival team · WIN
[ REPLAY ANALYSIS · EXTRACTED FROM THE RECORDED GAME ]
Feudal
11:36
Castle
15:51
Imperial
33:39
| APM avg | 39.7 |
| APM peak | 71 |
| eAPM avg | 18.0 |
| Villagers / military | 103 / 32 |
Focus
⚔️ 23.4% · 🌾 76.6%
Archer ×17 · Steppe Lancer ×6 · Iron Pagoda ×3 · Fishing Ship ×3 · Demolition Raft ×3 · Monk ×1
Feudal
11:45
Castle
15:21
Imperial
34:47
| APM avg | 45.5 |
| APM peak | 74 |
| eAPM avg | 22.5 |
| Villagers / military | 151 / 17 |
Focus
⚔️ 20.0% · 🌾 80.0%
Steppe Lancer ×10 · Unknown (1948) ×8 · Iron Pagoda ×3 · Monk ×2 · Battering Ram ×2
Match map
Initial resources + every placement click. Lines = walls · curves = elevation contours. ◆ gold · ⬟ stone · ● berries · ✦ relic · ◌ wall gap
Your base· ✓ Closed at 15:51 · 0t walls · 3 gate(s)
Hastur's base· ✓ Closed at 15:21 · 23t walls · 4 gate(s)
Smoothed initial terrain · ◌ = detected wall gap · hover for details
Inputs per minute
— Maquiavelo - - Hastur
Build order — Maquiavelo
First 150 of 281 actions detected
| 0:01 | Create | Villager (Male) |
| 0:02 | Build | House |
| 0:03 | Build | House |
| 0:07 | Create | Villager (Male) |
| 0:07 | Create | Villager (Male) |
| 0:11 | Create | Villager (Male) |
| 1:39 | Create | Villager (Male) |
| 2:10 | Build | Lumber Camp |
| 2:20 | Create | Villager (Male) |
| 2:21 | Create | Villager (Male) |
| 2:21 | Create | Villager (Male) |
| 3:21 | Create | Villager (Male) |
| 3:39 | Create | Villager (Male) |
| 3:43 | Build | House |
| 3:58 | Create | Villager (Male) |
| 4:40 | Build | Mill |
| 4:49 | Create | Villager (Male) |
| 5:00 | Create | Villager (Male) |
| 5:31 | Create | Villager (Male) |
| 6:02 | Create | Villager (Male) |
| 6:09 | Create | Villager (Male) |
| 6:26 | Build | House |
| 6:47 | Create | Villager (Male) |
| 7:10 | Create | Villager (Male) |
| 7:14 | Build | Dock |
| 7:44 | Create | Villager (Male) |
| 7:44 | Create | Villager (Male) |
| 8:08 | Create | Villager (Male) |
| 8:08 | Research | Loom |
| 8:16 | Create | Fishing Ship |
| 8:21 | Build | House |
| 8:37 | Build | Mill |
| 9:18 | Research | Feudal Age |
| 9:26 | Build | Mining Camp |
| 9:42 | Create | Fishing Ship |
| 11:14 | Create | Fishing Ship |
| 11:32 | Create | Villager (Male) |
| 11:32 | Create | Villager (Male) |
| 11:36 | Age | Feudal Age |
| 11:43 | Build | Market |
| 11:46 | Build | Blacksmith |
| 12:32 | Create | Villager (Male) |
| 12:42 | Build | House |
| 12:46 | Build | House |
| 13:11 | Research | Castle Age |
| 13:24 | Research | Double-Bit Axe |
| 13:47 | Build | Mill |
| 14:12 | Build | Barracks |
| 14:28 | Research | Tech 1014 |
| 14:29 | Research | Gold Mining |
| 14:46 | Build | House |
| 14:48 | Build | House |
| 14:48 | Build | House |
| 14:56 | Build | House |
| 14:57 | Build | House |
| 14:57 | Build | House |
| 15:32 | Create | Villager (Male) |
| 15:32 | Create | Villager (Male) |
| 15:51 | Age | Castle Age |
| 15:59 | Build | Archery Range |
| 16:15 | Create | Villager (Male) |
| 16:24 | Create | Villager (Male) |
| 16:27 | Build | Lumber Camp |
| 16:37 | Create | Villager (Male) |
| 17:00 | Research | Fletching |
| 17:17 | Create | Villager (Male) |
| 17:30 | Research | Bow Saw |
| 17:43 | Create | Villager (Male) |
| 17:56 | Build | Siege Workshop |
| 18:17 | Build | Siege Workshop |
| 18:21 | Create | Villager (Male) |
| 18:46 | Create | Villager (Male) |
| 18:58 | Create | Archer |
| 18:58 | Create | Archer |
| 19:09 | Create | Battering Ram |
| 19:17 | Build | Archery Range |
| 19:32 | Create | Transport Ship |
| 19:34 | Create | Villager (Male) |
| 19:45 | Create | Villager (Male) |
| 20:01 | Create | Archer |
| 20:01 | Create | Archer |
| 20:16 | Create | Archer |
| 20:17 | Create | Archer |
| 20:18 | Research | Bodkin Arrow |
| 20:32 | Create | Iron Pagoda |
| 20:39 | Research | Crossbowman (upgrade) |
| 20:39 | Research | Crossbowman (upgrade) |
| 20:58 | Build | Archery Range |
| 21:02 | Build | Lumber Camp |
| 21:03 | Create | Villager (Male) |
| 21:18 | Create | Archer |
| 21:20 | Create | Villager (Male) |
| 21:22 | Build | Pasture |
| 21:23 | Build | Pasture |
| 21:23 | Build | Pasture |
| 21:24 | Build | Pasture |
| 21:24 | Build | Pasture |
| 21:24 | Build | Pasture |
| 21:24 | Build | Pasture |
| 21:25 | Build | Pasture |
| 21:25 | Build | Pasture |
| 21:25 | Build | Pasture |
| 21:26 | Build | Pasture |
| 21:29 | Build | Pasture |
| 21:30 | Create | Villager (Male) |
| 21:44 | Create | Archer |
| 21:45 | Create | Archer |
| 21:50 | Build | House |
| 22:02 | Build | House |
| 22:11 | Create | Archer |
| 22:32 | Create | Villager (Male) |
| 22:42 | Build | House |
| 22:57 | Create | Archer |
| 22:58 | Create | Archer |
| 23:08 | Build | House |
| 23:10 | Create | Villager (Male) |
| 23:13 | Create | Villager (Male) |
| 24:05 | Create | Villager (Male) |
| 24:21 | Build | House |
| 24:33 | Create | Villager (Male) |
| 24:35 | Build | Pasture |
| 24:35 | Build | Pasture |
| 24:35 | Build | Pasture |
| 24:36 | Build | Pasture |
| 24:36 | Build | Pasture |
| 24:36 | Build | Pasture |
| 24:39 | Build | Town Center |
| 24:40 | Build | Pasture |
| 24:40 | Build | Pasture |
| 24:41 | Build | Pasture |
| 24:41 | Build | Pasture |
| 24:41 | Build | Pasture |
| 24:41 | Build | Pasture |
| 24:42 | Build | Pasture |
| 24:42 | Build | Pasture |
| 24:42 | Build | Pasture |
| 24:42 | Build | Pasture |
| 24:43 | Build | Pasture |
| 24:43 | Build | Pasture |
| 24:43 | Build | Pasture |
| 24:43 | Build | Pasture |
| 24:44 | Build | Pasture |
| 24:44 | Build | Pasture |
| 24:44 | Build | Pasture |
| 24:44 | Build | Pasture |
| 24:45 | Build | Pasture |
| 24:45 | Build | Pasture |
| 24:58 | Build | House |
| 25:01 | Build | Palisade Wall |
| 25:05 | Create | Archer |
Build order — Hastur
First 150 of 375 actions detected
| 0:00 | Create | Villager (Male) |
| 0:01 | Create | Villager (Male) |
| 0:02 | Build | House |
| 0:03 | Build | House |
| 0:25 | Create | Villager (Male) |
| 0:26 | Create | Villager (Male) |
| 0:26 | Create | Villager (Male) |
| 1:28 | Create | Villager (Male) |
| 1:39 | Create | Villager (Male) |
| 1:40 | Create | Villager (Male) |
| 1:49 | Build | Lumber Camp |
| 2:17 | Create | Villager (Male) |
| 2:17 | Create | Villager (Male) |
| 2:34 | Create | Villager (Male) |
| 3:08 | Create | Villager (Male) |
| 3:24 | Build | House |
| 3:28 | Create | Villager (Male) |
| 4:10 | Create | Villager (Male) |
| 4:10 | Create | Villager (Male) |
| 4:26 | Create | Villager (Male) |
| 4:26 | Create | Villager (Male) |
| 4:49 | Create | Villager (Male) |
| 4:49 | Create | Villager (Male) |
| 4:49 | Create | Villager (Male) |
| 5:05 | Build | Mill |
| 5:08 | Create | Villager (Male) |
| 5:09 | Create | Villager (Male) |
| 5:28 | Build | House |
| 5:59 | Create | Villager (Male) |
| 5:59 | Create | Villager (Male) |
| 5:59 | Create | Villager (Male) |
| 6:17 | Create | Villager (Male) |
| 6:46 | Create | Villager (Male) |
| 6:49 | Build | Mining Camp |
| 6:56 | Create | Villager (Male) |
| 6:57 | Create | Villager (Male) |
| 6:57 | Create | Villager (Male) |
| 7:38 | Create | Villager (Male) |
| 7:38 | Create | Villager (Male) |
| 7:41 | Build | House |
| 7:45 | Create | Villager (Male) |
| 8:00 | Create | Villager (Male) |
| 8:00 | Create | Villager (Male) |
| 8:07 | Create | Villager (Male) |
| 8:22 | Create | Villager (Male) |
| 8:40 | Create | Villager (Male) |
| 8:48 | Create | Villager (Male) |
| 8:52 | Create | Villager (Male) |
| 9:08 | Create | Villager (Male) |
| 9:20 | Create | Villager (Male) |
| 9:27 | Research | Feudal Age |
| 9:42 | Build | House |
| 10:02 | Create | Villager (Male) |
| 10:41 | Build | Mining Camp |
| 11:45 | Age | Feudal Age |
| 11:50 | Build | Market |
| 11:52 | Build | Blacksmith |
| 12:03 | Create | Villager (Male) |
| 12:41 | Research | Castle Age |
| 12:42 | Research | Castle Age |
| 12:54 | Research | Double-Bit Axe |
| 13:19 | Research | Horse Collar |
| 13:19 | Research | Horse Collar |
| 13:56 | Build | Palisade Wall |
| 14:11 | Create | Villager (Male) |
| 14:27 | Build | Palisade Wall |
| 14:34 | Create | Villager (Male) |
| 14:45 | Research | Gold Mining |
| 14:45 | Research | Stone Mining |
| 14:56 | Build | Farm |
| 15:07 | Build | Gate |
| 15:15 | Build | Stone Wall |
| 15:17 | Build | Stone Wall |
| 15:21 | Age | Castle Age |
| 15:28 | Build | Town Center |
| 15:33 | Build | Monastery |
| 15:35 | Research | Bow Saw |
| 15:47 | Build | Farm |
| 15:48 | Build | Farm |
| 15:48 | Build | Farm |
| 15:48 | Build | Farm |
| 15:48 | Build | Farm |
| 15:49 | Build | Farm |
| 16:10 | Build | Gate |
| 16:13 | Build | Stone Wall |
| 16:15 | Build | Stone Wall |
| 16:17 | Create | Villager (Male) |
| 16:22 | Build | House |
| 16:25 | Create | Villager (Male) |
| 16:35 | Build | Farm |
| 16:36 | Create | Monk |
| 16:43 | Build | House |
| 16:45 | Build | House |
| 16:45 | Build | House |
| 16:47 | Create | Villager (Male) |
| 16:54 | Build | Farm |
| 17:06 | Create | Villager (Male) |
| 17:06 | Create | Villager (Male) |
| 17:23 | Build | Mill |
| 17:26 | Create | Villager (Male) |
| 17:26 | Create | Villager (Male) |
| 17:39 | Research | Loom |
| 17:46 | Build | Farm |
| 17:46 | Build | Farm |
| 17:46 | Build | Farm |
| 17:46 | Build | Farm |
| 17:47 | Build | Farm |
| 17:47 | Build | Farm |
| 17:47 | Create | Villager (Male) |
| 17:48 | Create | Villager (Male) |
| 18:18 | Create | Villager (Male) |
| 18:59 | Create | Villager (Male) |
| 19:13 | Create | Villager (Male) |
| 19:13 | Create | Villager (Male) |
| 19:13 | Create | Villager (Male) |
| 19:14 | Create | Villager (Male) |
| 19:15 | Build | Farm |
| 19:16 | Build | Farm |
| 19:16 | Build | Farm |
| 19:16 | Build | Farm |
| 19:16 | Build | Farm |
| 19:17 | Build | Farm |
| 19:17 | Build | Farm |
| 19:17 | Build | Farm |
| 19:39 | Create | Villager (Male) |
| 19:47 | Build | Gate |
| 19:48 | Create | Villager (Male) |
| 19:49 | Create | Villager (Male) |
| 19:49 | Create | Villager (Male) |
| 19:55 | Create | Villager (Male) |
| 19:56 | Create | Villager (Male) |
| 20:02 | Build | Outpost |
| 20:05 | Create | Villager (Male) |
| 20:14 | Create | Villager (Male) |
| 20:20 | Build | Barracks |
| 20:32 | Create | Villager (Male) |
| 20:32 | Create | Villager (Male) |
| 20:32 | Create | Villager (Male) |
| 20:43 | Create | Villager (Male) |
| 20:47 | Create | Villager (Male) |
| 20:51 | Create | Villager (Male) |
| 20:53 | Create | Monk |
| 21:08 | Build | Castle |
| 21:11 | Create | Villager (Male) |
| 21:22 | Build | Farm |
| 21:22 | Create | Villager (Male) |
| 21:27 | Build | Stable |
| 21:29 | Create | Villager (Male) |
| 21:33 | Create | Villager (Male) |
| 21:51 | Create | Villager (Male) |
Match timeline
| 7:14 | Maquiavelo · first_building Dock |
| 11:36 | Maquiavelo · age_up feudal |
| 11:45 | Hastur · age_up feudal |
| 13:56 | Hastur · wall_segment Palisade Wall x9 |
| 14:12 | Maquiavelo · first_building Barracks |
| 14:27 | Hastur · wall_segment Palisade Wall x8 |
| 15:15 | Hastur · wall_segment Stone Wall x3 |
| 15:17 | Hastur · wall_segment Stone Wall x3 |
| 15:21 | Hastur · age_up castle |
| 15:33 | Hastur · first_building Monastery |
| 15:51 | Maquiavelo · age_up castle |
| 15:59 | Maquiavelo · first_building Archery Range |
| 16:13 | Hastur · wall_segment Stone Wall x1 |
| 16:15 | Hastur · wall_segment Stone Wall x2 |
| 17:56 | Maquiavelo · first_building Siege Workshop |
| 20:20 | Hastur · first_building Barracks |
| 21:08 | Hastur · first_building Castle |
| 21:27 | Hastur · first_building Stable |
| 24:04 | Hastur · first_building Siege Workshop |
| 25:01 | Maquiavelo · wall_segment Palisade Wall x1 |
| 25:13 | Maquiavelo · wall_segment Palisade Wall x1 |
| 25:58 | Maquiavelo · wall_segment Stone Wall x5 |
| 27:06 | Maquiavelo · first_building Monastery |
| 30:24 | Maquiavelo · first_market_sell 100 food |
| 31:35 | Hastur · first_market_sell 500 wood |
| 31:52 | Maquiavelo · first_market_buy 100 wood |
| 32:13 | Maquiavelo · wall_segment Stone Wall x7 |
| 33:00 | Hastur · first_building Dock |
| 33:39 | Maquiavelo · age_up imperial |
| 34:39 | Maquiavelo · first_building Castle |
| 34:47 | Hastur · age_up imperial |
| 35:21 | Maquiavelo · first_building Stable |
| 37:10 | Maquiavelo · wall_segment Stone Wall x4 |
| 38:32 | Hastur · wall_segment Stone Wall x1 |
| 38:54 | Maquiavelo · resign |
[ AI ANALYSIS · 1 CREDIT ]
What really happened in this match?
Wolo.gg analyzes every decision: build order, eco, micro, common mistakes by bracket. Personalized analysis on WhatsApp or Discord in 30 seconds.
Civ guide
Khitans
Perfil
Jugador #546475